Kradschützen Motorcycle Team
Construct Light Support Kompanie
Construct Mechanized Kompanie
Panzerjäger Mechanized Group
Marder III Tank Destroyer
Construct Panzerarmee Kommand
Selects Armored Support Battlegroup
Selects Armored Support Battlegroup
254 Reconnaissance Tractor
Selects Flammpanzer III Medium Tank
Selects Command Panzer IV F Medium Tank
Flammpanzer III Medium Tank
Selects Stuka Anti-tank Loiter